MWL (24 & UNDER)
MANHATTEN MEATHEADS @ ERIE JAXX
06/21/2023
 
TOP OF THE 1ST
Manhatten Meatheads batting - Pitching for Erie Jaxx : RHP Denny Green
Pitching: RHP Denny Green
Batting: RHB Iván Moreno 0-0: Swinging Strike
0-1: Called Strike
0-2: Strikes out swinging
Batting: RHB Ben Morton 0-0: Called Strike
0-1: Ball
1-1: Ground out 4-3 (Groundball, 4)
Batting: LHB António Cedeño 0-0: Ball
1-0: Called Strike
1-1: SINGLE (Flyball, 78S)
Batting: LHB Dave Watt 0-0: Fly out, F8 (Line Drive, 8RS)
Top of the 1st over - 0 run(s), 1 hit(s), 0 error(s), 1 left on base; Manhatten 0 - Erie 0
BOTTOM OF THE 1ST
Erie Jaxx batting - Pitching for Manhatten Meatheads : LHP Kelly Henry
Pitching: LHP Kelly Henry
Batting: LHB Don Hull 0-0: SINGLE (Groundball, 34D) (infield hit)
Batting: SHB Héctor Barajas 0-0: Ball
1-0: Grounds into double play, 6-4-3 (Groundball, 6M)
Batting: SHB Pedro Martínez 0-0: Called Strike
0-1: Swinging Strike
0-2: Strikes out swinging
Bottom of the 1st over - 0 run(s), 1 hit(s), 0 error(s), 0 left on base; Manhatten 0 - Erie 0
TOP OF THE 2ND
Manhatten Meatheads batting - Pitching for Erie Jaxx : RHP Denny Green
Batting: RHB Jason Erickson 0-0: Ball
1-0: Called Strike
1-1: Swinging Strike
1-2: Strikes out swinging
Batting: RHB Kyle O'Day 0-0: Ground out 5-3 (Groundball, 56)
Batting: LHB Ed Murray 0-0: Ground out U3 (Groundball, 3L)
Top of the 2nd over - 0 run(s), 0 hit(s), 0 error(s), 0 left on base; Manhatten 0 - Erie 0
BOTTOM OF THE 2ND
Erie Jaxx batting - Pitching for Manhatten Meatheads : LHP Kelly Henry
Batting: LHB Jesús González 0-0: TRIPLE (Groundball, 3L)
Batting: RHB Luis Alvarado 0-0: SINGLE (Groundball, 4M)
Jesús González scores
Batting: RHB Bo Vickers 0-0: Ball
1-0: Ball
2-0: Ball
3-0: Base on Balls
Luis Alvarado to second
Batting: RHB Richard Bankhead 0-0: Grounds into double play, 6-4-3 (Groundball, 6M)
Luis Alvarado to third
Batting: RHB Juan Reyes 0-0: Ball
1-0: Called Strike
1-1: Foul Ball, location: 2F
1-2: Strikes out swinging
Bottom of the 2nd over - 1 run(s), 2 hit(s), 0 error(s), 1 left on base; Manhatten 0 - Erie 1
TOP OF THE 3RD
Manhatten Meatheads batting - Pitching for Erie Jaxx : RHP Denny Green
Batting: RHB Mitch Thomas 0-0: Ball
1-0: Foul Ball, location: 2F
1-1: Swinging Strike
1-2: Ball
2-2: Strikes out looking
Batting: RHB Júlio Galló 0-0: Called Strike
0-1: Ball
1-1: Ball
2-1: Foul Ball, location: 2F
2-2: Foul Ball, location: 2F
2-2: Foul Ball, location: 2F
2-2: Strikes out swinging
Batting: RHB Iván Moreno 0-0: Fly out, F9 (Flyball, 9M)
Top of the 3rd over - 0 run(s), 0 hit(s), 0 error(s), 0 left on base; Manhatten 0 - Erie 1
BOTTOM OF THE 3RD
Erie Jaxx batting - Pitching for Manhatten Meatheads : LHP Kelly Henry
Batting: RHB Raúl Ruíz 0-0: Swinging Strike
0-1: Ball
1-1: Called Strike
1-2: Foul Ball, location: 2F
1-2: Ground out 5-3 (Groundball, 5)
Batting: LHB Don Hull 0-0: Ground out 5-3 (Groundball, 5S)
Batting: SHB Héctor Barajas 0-0: Called Strike
0-1: Ball
1-1: Swinging Strike
1-2: Foul Ball, location: 2F
1-2: Ball
2-2: Ball
3-2: Base on Balls
Batting: SHB Pedro Martínez 0-0: Ball
1-0: Fly out, F8 (Flyball, 8RXD)
Bottom of the 3rd over - 0 run(s), 0 hit(s), 0 error(s), 1 left on base; Manhatten 0 - Erie 1
TOP OF THE 4TH
Manhatten Meatheads batting - Pitching for Erie Jaxx : RHP Denny Green
Batting: RHB Ben Morton 0-0: Called Strike
0-1: Foul Ball, location: 2F
0-2: Strikes out swinging
Batting: LHB António Cedeño 0-0: Ground out 4-3 (Groundball, 4)
Batting: LHB Dave Watt 0-0: Called Strike
0-1: Ball
1-1: Foul Ball, location: 2F
1-2: Ball
2-2: Strikes out looking
Top of the 4th over - 0 run(s), 0 hit(s), 0 error(s), 0 left on base; Manhatten 0 - Erie 1
BOTTOM OF THE 4TH
Erie Jaxx batting - Pitching for Manhatten Meatheads : LHP Kelly Henry
Batting: LHB Jesús González 0-0: Ball
1-0: Called Strike
1-1: Swinging Strike
1-2: Ball
2-2: Ball
3-2: Base on Balls
Batting: RHB Luis Alvarado 0-0: Ball
1-0: Called Strike
1-1: Foul Ball, location: 2F
1-2: TRIPLE (Line Drive, 7LS)
Jesús González scores
Batting: RHB Bo Vickers 0-0: Ball
1-0: Called Strike
1-1: Called Strike
1-2: Foul Ball, location: 2F
1-2: Strikes out swinging
Batting: RHB Richard Bankhead 0-0: Called Strike
0-1: Swinging Strike
0-2: Ball
1-2: Foul Ball, location: 2F
1-2: Fly out, F9 (Flyball, 89M)
Runner from 3rd tags up, SCORES, throw made
Batting: RHB Juan Reyes 0-0: Called Strike
0-1: Ball
1-1: Ball
2-1: Ball
3-1: Base on Balls
Batting: RHB Raúl Ruíz 0-0: Ball
1-0: Swinging Strike
1-1: Foul Ball, location: 2F
1-2: Foul Ball, location: 2F
1-2: Ball
Juan Reyes steals 2nd base
2-2: Ball
3-2: Base on Balls
Batting: LHB Don Hull 0-0: Ball
1-0: SINGLE (Line Drive, 9S)
Juan Reyes to third
Raúl Ruíz to second
Runner from 3rd tries for Home, SAFE, throw made home
Batting: SHB Héctor Barajas 0-0: Ball
1-0: Fly out, F7 (Line Drive, 7LD)
Bottom of the 4th over - 3 run(s), 2 hit(s), 0 error(s), 2 left on base; Manhatten 0 - Erie 4
TOP OF THE 5TH
Manhatten Meatheads batting - Pitching for Erie Jaxx : RHP Denny Green
Batting: RHB Jason Erickson 0-0: Ball
1-0: Ball
2-0: Called Strike
2-1: Ground out 5-3 (Groundball, 56)
Batting: RHB Kyle O'Day 0-0: Swinging Strike
0-1: Foul Ball, location: 2F
0-2: Strikes out looking
Batting: LHB Ed Murray 0-0: Ground out U3 (Groundball, 3)
Top of the 5th over - 0 run(s), 0 hit(s), 0 error(s), 0 left on base; Manhatten 0 - Erie 4
BOTTOM OF THE 5TH
Erie Jaxx batting - Pitching for Manhatten Meatheads : LHP Kelly Henry
Batting: SHB Pedro Martínez 0-0: SINGLE (Line Drive, 9LS)
Batting: LHB Jesús González 0-0: Ball
1-0: Called Strike
1-1: SINGLE (Groundball, 34D) (infield hit)
Pedro Martínez to second
Batting: RHB Luis Alvarado 0-0: Ball
1-0: Fly out, F9 (Flyball, 9LM)
Batting: RHB Bo Vickers 0-0: Called Strike
0-1: Fly out, F7 (Flyball, 7D)
Batting: RHB Richard Bankhead 0-0: Ball
1-0: Ball
2-0: Called Strike
2-1: Ball
3-1: Fly out, F4 (Popup, 34)
Bottom of the 5th over - 0 run(s), 2 hit(s), 0 error(s), 2 left on base; Manhatten 0 - Erie 4
TOP OF THE 6TH
Manhatten Meatheads batting - Pitching for Erie Jaxx : RHP Denny Green
Batting: RHB Mitch Thomas 0-0: Bunt missed!
0-1: Swinging Strike
0-2: Foul Ball, location: 2F
0-2: Foul Ball, location: 2F
0-2: Fly out, F9 (Flyball, 89S)
Batting: RHB Júlio Galló 0-0: Called Strike
0-1: Fly out, F6 (Popup, 6M)
Batting: RHB Iván Moreno 0-0: Foul Ball, location: 2F
0-1: DOUBLE (Flyball, 9LS)
Batting: RHB Ben Morton 0-0: Ball
1-0: Foul Ball, location: 2F
1-1: Ball
2-1: Foul Ball, location: 2F
2-2: SINGLE (Flyball, 4D)
Iván Moreno to third
Runner from 3rd tries for Home, SAFE, no throw or cutoff
Batting: LHB António Cedeño 0-0: Swinging Strike
0-1: Ball
1-1: Ball
2-1: Called Strike
2-2: Ball
3-2: Base on Balls
Ben Morton to second
Batting: LHB Dave Watt 0-0: Foul Ball, location: 2F
0-1: Ball
1-1: Foul Ball, location: 2F
1-2: Foul Ball, location: 2F
1-2: Strikes out swinging
Top of the 6th over - 1 run(s), 2 hit(s), 0 error(s), 2 left on base; Manhatten 1 - Erie 4
BOTTOM OF THE 6TH
Erie Jaxx batting - Pitching for Manhatten Meatheads : LHP Kelly Henry
Batting: RHB Juan Reyes 0-0: Called Strike
0-1: Ball
1-1: Ball
2-1: Ball
3-1: Foul Ball, location: 2F
3-2: Base on Balls
Pitching: LHP Juan Mendoza
Batting: RHB Raúl Ruíz 0-0: Ball
1-0: Ball
2-0: Called Strike
2-1: Ball
3-1: Foul Ball, location: 2F
3-2: Strikes out swinging
Batting: LHB Don Hull 0-0: Called Strike
0-1: Called Strike
0-2: Ball
Wild Pitch!
Juan Reyes to second
1-2: Foul Ball, location: 2F
1-2: Fly out, F9 (Line Drive, 9LM)
Batting: SHB Héctor Barajas 0-0: Called Strike
0-1: Ball
1-1: Called Strike
1-2: Strikes out swinging
Bottom of the 6th over - 0 run(s), 0 hit(s), 0 error(s), 1 left on base; Manhatten 1 - Erie 4
TOP OF THE 7TH
Manhatten Meatheads batting - Pitching for Erie Jaxx : RHP Denny Green
Batting: RHB Jason Erickson 0-0: Called Strike
0-1: Called Strike
0-2: Ball
1-2: Fly out, F9 (Popup, 9LS)
Batting: RHB Kyle O'Day 0-0: Called Strike
0-1: Ball
1-1: Ball
2-1: Ground out 5-3 (Groundball, 5)
Batting: LHB Ed Murray 0-0: Called Strike
0-1: Ball
1-1: DOUBLE (Line Drive, 89M)
Batting: RHB Mitch Thomas 0-0: Called Strike
0-1: Ball
1-1: Foul Ball, location: 2F
1-2: Ball
2-2: Ball
3-2: Strikes out swinging
Top of the 7th over - 0 run(s), 1 hit(s), 0 error(s), 1 left on base; Manhatten 1 - Erie 4
BOTTOM OF THE 7TH
Erie Jaxx batting - Pitching for Manhatten Meatheads : LHP Juan Mendoza
Batting: SHB Pedro Martínez 0-0: Ball
1-0: Ball
2-0: Ball
3-0: Base on Balls
Batting: LHB Jesús González 0-0: Ball
1-0: Ball
2-0: Fly out, F5 (Popup, 5)
Batting: RHB Luis Alvarado 0-0: Ball
1-0: Ball
Throwing error on steal attempt, E2
Pedro Martínez to third
2-0: Ball
3-0: Called Strike
3-1: Called Strike
3-2: Strikes out swinging
Batting: RHB Bo Vickers 0-0: DOUBLE (Line Drive, 5D)
Pedro Martínez scores
Batting: RHB Richard Bankhead 0-0: Ground out 6-3 (Groundball, 6)
Bottom of the 7th over - 1 run(s), 1 hit(s), 1 error(s), 1 left on base; Manhatten 1 - Erie 5
TOP OF THE 8TH
Manhatten Meatheads batting - Pitching for Erie Jaxx : RHP Denny Green
Batting: RHB Júlio Galló 0-0: Called Strike
0-1: Ball
1-1: Ball
2-1: Ball
3-1: Fly out, F7 (Flyball, 78D)
Batting: RHB Iván Moreno 0-0: Ball
1-0: Ball
2-0: Ground out 5-3 (Groundball, 56)
Batting: RHB Ben Morton 0-0: Ball
1-0: Foul Ball, location: 2F
1-1: Swinging Strike
1-2: Foul Ball, location: 2F
1-2: Strikes out swinging
Top of the 8th over - 0 run(s), 0 hit(s), 0 error(s), 0 left on base; Manhatten 1 - Erie 5
BOTTOM OF THE 8TH
Erie Jaxx batting - Pitching for Manhatten Meatheads : LHP Juan Mendoza
Pitching: RHP Sloan Numbers
Batting: RHB Juan Reyes 0-0: Ball
1-0: Ball
2-0: Ball
3-0: Base on Balls
Batting: RHB Raúl Ruíz 0-0: Ball
1-0: Bunted foul
1-1: Bunted foul
1-2: Fly out, F7 (Flyball, 7M)
Batting: LHB Don Hull 0-0: Foul Ball, location: 2F
0-1: Foul Ball, location: 2F
0-2: Ball
1-2: Ball
2-2: Foul Ball, location: 2F
2-2: Ball
3-2: Base on Balls
Juan Reyes to second
Batting: SHB Héctor Barajas 0-0: Ball
1-0: Ball
2-0: Called Strike
2-1: Called Strike
Juan Reyes is caught stealing 3rd base
Don Hull to second
2-2: Foul Ball, location: 2F
2-2: Strikes out looking
Bottom of the 8th over - 0 run(s), 0 hit(s), 0 error(s), 1 left on base; Manhatten 1 - Erie 5
TOP OF THE 9TH
Manhatten Meatheads batting - Pitching for Erie Jaxx : RHP Denny Green
Batting: LHB António Cedeño 0-0: Called Strike
0-1: Called Strike
0-2: Ball
1-2: Strikes out looking
Batting: LHB Dave Watt 0-0: SINGLE (Line Drive, 4MD)
Batting: RHB Jason Erickson 0-0: Swinging Strike
0-1: Swinging Strike
0-2: Foul Ball, location: 2F
0-2: Strikes out swinging
Batting: RHB Kyle O'Day 0-0: Ball
Wild Pitch!
Dave Watt to second
1-0: Ball
2-0: Ball
3-0: Called Strike
3-1: Called Strike
3-2: Fly out, F5 (Line Drive, 5L)
Top of the 9th over - 0 run(s), 1 hit(s), 0 error(s), 1 left on base; Manhatten 1 - Erie 5
This league is powered by Out of the Park Baseball, the baseball management simulation game for PC, Mac and Linux
Wednesday, December 2nd, 2015 - OOTP Baseball 16.8 Build 38